 Dungeon Sprint DCSS version 0.30.1 (webtiles) character file.

Game seed: 2502269787494109736

9500000 BreadTh the Axe Maniac (level 27, -65/194 (228) HPs)
             Began as a Djinni Brigand on July 11, 2023.
             Was the Champion of Makhleb.
             Killed from afar by a wretched soul (107 damage)
             ... with a bolt of negative energy
             ... in the Dungeon (Sprint VIII: "Arena of Blood").
             The game lasted 00:08:34 (95 turns).

BreadTh the Axe Maniac (Djinni Brigand)               Turns: 95, Time: 00:08:40

HP:   -65/194 (228) AC:  6    Str: 10    XL:     27
Gold: 0             EV: 43    Int: 12    God:    Makhleb [******] SH:  0 Dex: 30

rFire   + + .        k - +∞ Axe of Woe
rCold   x . .        (shield currently unavailable)
rNeg    . . .        b - +0 robe
rPois   ∞            (no helmet)
rElec   .            c - +0 cloak
rCorr   .            (no gloves)
SInv    +            (boots unavailable)
Will    ++...        (no amulet)
Stlth   ++++++++++   a - ring of see invisible
HPRegen 0.52/turn    (no ring)
MPRegen 0.00/turn

%: no teleportation, infuse magic (-66 HP)
@: flying, heavily drained
A: sickness immunity, fire resistance 2, cold vulnerability 1, float, innate
caster, HP casting, extra vitality 1
a: Renounce Religion, Minor Destruction, Lesser Servant of Makhleb, Major
Destruction, Greater Servant of Makhleb


You were in the Dungeon.
You worshipped Makhleb.
Makhleb was exalted by your worship.
You visited 1 branch

Inventory:

Hand Weapons
 k - the +∞ Axe of Woe (weapon)
   (You found it in the Dungeon)
Missiles
 d - 9 poisoned darts (quivered)
 e - 3 curare-tipped darts
Armour
 b - a +0 robe (worn)
 c - a +0 cloak (worn)
Jewellery
 a - a ring of see invisible (left hand)
Scrolls
 j - a scroll of blinking
Potions
 f - a potion of curing
 g - a potion of heal wounds
 h - a potion of haste
 i - a potion of berserk rage


   Skills:
 O Level 27 Fighting
 O Level 27 Short Blades
 O Level 27 Long Blades
 O Level 27 Axes
 O Level 27 Maces & Flails
 O Level 27 Polearms
 O Level 27 Staves
 O Level 27 Ranged Weapons
 O Level 27 Throwing
 O Level 27 Armour
 O Level 27 Dodging
 O Level 27 Stealth
 O Level 27 Shields
 O Level 27 Unarmed Combat
 O Level 27 Spellcasting
 O Level 27 Invocations
 O Level 27 Evocations


You knew the following spells:

 Your Spells              Type           Power      Damage    Failure   Level
a - Shock                 Conj/Air       100%       1d9       0%          1
b - Lesser Beckoning      Tloc           100%       N/A       0%          2
c - Blink                 Tloc           100%       N/A       0%          2
d - Stone Arrow           Conj/Erth      100%       3d13      0%          3
e - Sticky Flame          Conj/Fire      69%        2d8       0%          4
f - Iskenderun's Battles  Conj           69%        2d12      0%          5
g - Dispersal             Tloc           34%        N/A       0%          6
h - Dragon Form           Tmut           34%        N/A       1%          7
i - Summon Hydra          Summ           34%        N/A       1%          7
j - Monstrous Menagerie   Summ           34%        N/A       1%          7
k - Orb of Destruction    Conj           34%        9d10      1%          7
l - Summon Horrible Thin  Summ           34%        N/A       1%          8
m - Shatter               Erth           34%        3d28*     3%          9
Your spell library was empty.

Dungeon Overview and Level Annotations

Branches:
Dungeon (1/1)

Altars:
Makhleb


Innate Abilities, Weirdness & Mutations

You are immune to sickness and miasma.
You are immune to poison.
Your flesh is very heat resistant. (rF++)
You are vulnerable to cold. (rC-)
You float through the air rather than walking.
You learn spells naturally, not from books.
Your magical power is your life essence.
You have superior vitality. (+4 MHP)


Message History

A destroyer comes into view. It is wielding a +9 heavy great sword.
Unknown command.
You slash the accursed!
You slaughter the accursed joyfully.
You destroy the accursed!
Makhleb accepts your kill.
You feel better.
You hit the bag of meat.
You slaughter the bag of meat joyfully.
You kill the bag of meat!
Makhleb accepts your kill.
You feel better.
You slash the bag of meat!
You hew the bag of meat savagely.
You kill the bag of meat!
Makhleb accepts your kill.
You feel better.
You slice the bag of meat!!
You hew the bag of meat savagely.
You kill the bag of meat!
Makhleb accepts your kill.
You feel better.
You feel extremely nervous for a moment...
Pain shoots through your body!!
You are engulfed in blazing flames.
You resist.
You hear a shout! x2
The tyrant mumbles some strange words.
You hear a shout! x3
The eight-headed meat hydra calls on the powers of darkness!
The eight-headed meat hydra convulses!
The bag of meat convulses!
Your body is wracked with pain!
* * * LOW HITPOINT WARNING * * *
The bag of meat convulses! x4; The meat berserker convulses! x2
The bag of meat convulses!
A bag of meat and a destroyer come into view.
The destroyer is wielding a +9 heavy great sword.
You are engulfed in blazing flames.
You resist.
* * * LOW HITPOINT WARNING * * *
The destroyer shouts!
You hear a shout! x11
The bag of meat hits you with a +9 war axe.
* * * LOW HITPOINT WARNING * * *
You hear a shout!
The wretched soul breathes negative energy at you.
The bolt of negative energy hits you!!!!
You feel drained.
Ouch! That really hurt!
You die...

#... .zo.....#
.... #V#Vo....
.... ......V.#
.... .........
.... ....W...=##
.... #.........
.... .....O§o#
.... ....#..O@#
#... ......#oWo)§#
...
........o.X))..#
...o
......X..LMD###
..L.........o.X.X#
..#...#.......X..#
.#.o..#...MX##...#
#....o#.§.o.#....#
.....#o...##.....#


You could see 2 accurseds, 2 tentacled monstrosities, a tyrant (fast), an
eight-headed meat hydra, 3 destroyers, a sculptor of flesh, 4 large
abominations, a dread, 2 meat berserkers, a wretched soul (invisible) and 8 bags
of meat.

Vanquished Creatures
  5 hell beasts (D)
  A royal mummy (D)
  7 vampire knights (D)
  21 ogres (D)
  5 two-headed ogres (D)
  A lich (D)
  A phantom (D)
  55 orcs (D)
  6 skeletal warriors (D)
102 creatures vanquished.

Notes
Turn   | Place    | Note
-------+----------+-------------------------------------------
     0 | D        | Found the +∞ Axe of Woe
     0 | D        | BreadTh the Djinni Brigand began the quest for the Orb.
     0 | D        | Reached XP level 1. HP: 18/18 MP: 0/0
     1 | D        | Noticed a bag of meat
     1 | D        | Noticed a bag of meat
     3 | D        | Became a worshipper of Makhleb the Destroyer
     3 | D        | Noticed a meat berserker
     6 | D        | Noticed a bag of meat
     6 | D        | Noticed a bag of meat
     7 | D        | Noticed a bag of meat
     8 | D        | Killed a bag of meat
     8 | D        | Killed a meat berserker
     8 | D        | Reached * piety under Makhleb
     8 | D        | Noticed a bag of meat
     8 | D        | Noticed a bag of meat
     9 | D        | Reached XP level 2. HP: 23/23 MP: 0/0
     9 | D        | Reached XP level 3. HP: 28/28 MP: 0/0
     9 | D        | Learned a level 1 spell: Shock
     9 | D        | Reached XP level 4. HP: 33/33 MP: 0/0
     9 | D        | Reached XP level 5. HP: 38/38 MP: 0/0
     9 | D        | Learned a level 2 spell: Lesser Beckoning
     9 | D        | Reached XP level 6. HP: 43/43 MP: 0/0
     9 | D        | Reached XP level 7. HP: 49/49 MP: 0/0
     9 | D        | Learned a level 2 spell: Blink
     9 | D        | Reached XP level 8. HP: 54/54 MP: 0/0
     9 | D        | Reached XP level 9. HP: 58/58 MP: 0/0
     9 | D        | Learned a level 3 spell: Stone Arrow
     9 | D        | Reached XP level 10. HP: 64/64 MP: 0/0
     9 | D        | Reached XP level 11. HP: 68/68 MP: 0/0
     9 | D        | Learned a level 4 spell: Sticky Flame
     9 | D        | Reached XP level 12. HP: 74/74 MP: 0/0
     9 | D        | Reached XP level 13. HP: 78/78 MP: 0/0
     9 | D        | Learned a level 5 spell: Iskenderun's Battlesphere
     9 | D        | Killed a bag of meat
     9 | D        | Killed a bag of meat
    10 | D        | Reached skill level 27 in Axes
    10 | D        | Reached skill level 10 in Dodging
    10 | D        | Reached XP level 14. HP: 102/102 MP: 0/0
    10 | D        | Noticed a meat berserker
    10 | D        | Noticed a bag of meat
    10 | D        | Noticed a bag of meat
    10 | D        | Noticed a bag of meat
    11 | D        | Noticed a bag of meat
    11 | D        | Noticed a bag of meat
    12 | D        | Noticed a bag of meat
    12 | D        | Noticed a bag of meat
    12 | D        | Noticed a bag of meat
    12 | D        | Noticed a bag of meat
    12 | D        | Noticed a bag of meat
    13 | D        | Killed a bag of meat
    13 | D        | Reached ** piety under Makhleb
    13 | D        | Killed a meat berserker
    13 | D        | Killed a bag of meat
    14 | D        | Reached XP level 15. HP: 123/123 MP: 0/0
    14 | D        | Learned a level 6 spell: Dispersal
    14 | D        | Noticed a meat berserker
    14 | D        | Noticed a large bag of meat
    15 | D        | Noticed a meat berserker
    16 | D        | Noticed a meat berserker
    17 | D        | Reached *** piety under Makhleb
    17 | D        | Reached **** piety under Makhleb
    18 | D        | Reached skill level 15 in Stealth
    18 | D        | Reached XP level 16. HP: 142/142 MP: 0/0
    18 | D        | Noticed a meat berserker
    18 | D        | Killed a meat berserker
    18 | D        | Killed a large bag of meat
    18 | D        | Reached ***** piety under Makhleb
    19 | D        | Reached skill level 27 in Dodging
    19 | D        | Reached XP level 17. HP: 141/157 MP: 0/0
    19 | D        | Learned a level 7 spell: Dragon Form
    19 | D        | Noticed a destroyer
    21 | D        | Reached skill level 27 in Fighting
    21 | D        | Reached skill level 15 in Invocations
    21 | D        | Reached XP level 18. HP: 137/167 MP: 0/0
    21 | D        | Noticed a destroyer
    21 | D        | Killed a meat berserker
    21 | D        | Killed a meat berserker
    21 | D        | Reached ****** piety under Makhleb
    22 | D        | Reached XP level 19. HP: 168/174 MP: 0/0
    22 | D        | Learned a level 7 spell: Summon Hydra
    22 | D        | Noticed a meat berserker
    22 | D        | Noticed a large bag of meat
    23 | D        | Killed a meat berserker
    24 | D        | Reached skill level 27 in Stealth
    24 | D        | Reached skill level 27 in Invocations
    24 | D        | Reached skill level 5 in Spellcasting
    25 | D        | Killed a destroyer
    26 | D        | Reached skill level 10 in Throwing
    26 | D        | Reached XP level 20. HP: 181/181 MP: 0/0
    26 | D        | Noticed a meat berserker
    27 | D        | Noticed a large bag of meat
    27 | D        | Killed a destroyer
    27 | D        | Killed a meat berserker
    28 | D        | Reached skill level 15 in Throwing
    28 | D        | Reached XP level 21. HP: 187/187 MP: 0/0
    28 | D        | Learned a level 7 spell: Monstrous Menagerie
    30 | D        | Killed a large bag of meat
    30 | D        | Noticed a large bag of meat
    31 | D        | Reached skill level 15 in Spellcasting
    32 | D        | Noticed a meat berserker
    35 | D        | Killed a meat berserker
    38 | D        | Reached XP level 22. HP: 194/194 MP: 0/0
    40 | D        | Killed a meat berserker
    40 | D        | Killed a large bag of meat
    45 | D        | Killed a large bag of meat
    46 | D        | Reached XP level 23. HP: 182/201 MP: 0/0
    46 | D        | Learned a level 7 spell: Orb of Destruction
    46 | D        | Noticed a destroyer
    48 | D        | Noticed a tyrant
    49 | D        | Killed a tyrant
    50 | D        | Reached skill level 27 in Armour
    50 | D        | Reached skill level 27 in Unarmed Combat
    52 | D        | Killed a destroyer
    53 | D        | Noticed an accursed
    53 | D        | Noticed a destroyer
    56 | D        | Reached skill level 27 in Throwing
    56 | D        | Reached skill level 27 in Spellcasting
    59 | D        | Reached XP level 24. HP: 172/208 MP: 0/0
    60 | D        | Killed a destroyer
    61 | D        | Reached skill level 15 in Short Blades
    61 | D        | Noticed an accursed
    62 | D        | Noticed an accursed
    62 | D        | Noticed a dread
    65 | D        | Noticed a tyrant
    66 | D        | Reached skill level 15 in Maces & Flails
    66 | D        | Reached skill level 15 in Polearms
    69 | D        | Reached XP level 25. HP: 201/214 MP: 0/0
    69 | D        | Learned a level 8 spell: Summon Horrible Things
    76 | D        | Noticed a meat beast
    77 | D        | Noticed a destroyer
    80 | D        | Noticed a large bag of meat
    80 | D        | Noticed a meat beast
    81 | D        | Noticed a meat beast
    81 | D        | Killed a meat beast
    82 | D        | Reached XP level 26. HP: 163/221 MP: 0/0
    82 | D        | Noticed a destroyer
    82 | D        | Killed a destroyer
    83 | D        | Reached skill level 27 in Short Blades
    83 | D        | Reached skill level 27 in Long Blades
    84 | D        | Reached skill level 27 in Maces & Flails
    84 | D        | Reached skill level 27 in Polearms
    84 | D        | Noticed a meat beast
    85 | D        | Reached XP level 27. HP: 228/228 MP: 0/0
    85 | D        | Learned a level 9 spell: Shatter
    86 | D        | Killed a meat beast
    86 | D        | Killed a meat beast
    86 | D        | Noticed a destroyer
    87 | D        | Killed a destroyer
    88 | D        | Noticed a meat beast
    89 | D        | Reached skill level 27 in Shields
    89 | D        | Reached skill level 27 in Evocations
    89 | D        | Killed a destroyer
    89 | D        | HP: 4/228 [accursed/divine providence (16)]
    90 | D        | Reached skill level 27 in Staves
    90 | D        | Reached skill level 27 in Ranged Weapons
    90 | D        | Killed a meat beast
    90 | D        | Killed a meat beast
    93 | D        | Killed a large bag of meat
    93 | D        | Noticed a destroyer
    94 | D        | Noticed a destroyer
    94 | D        | Killed an accursed
    95 | D        | Noticed a destroyer
    95 | D        | Killed from afar by a wretched soul

Illustrated notes

Levels and vault maps discovered:
D:        meatsprint

Skill      XL: |  1  2  3  4  5  6  7  8  9 10 11 12 13 14 15 16 17 18 19 20 21 22 23 24 25 26 27 |
---------------+----------------------------------------------------------------------------------+-----
Axes           | 26 27 | 27.0
Fighting       | 9 16 22 26 27 | 27.0
Dodging        | 10 18 23 27 | 27.0
Stealth        | 7 11 15 17 20 24 27 | 27.0
Invocations    | 11 15 22 27 | 27.0
Throwing       | 10 15 19 23 27 | 27.0
Armour         | 12 18 23 26 27 | 27.0
Unarmed Combat | 12 18 23 26 27 | 27.0
Spellcasting   | 9 14 18 23 27 | 27.0
Short Blades   | 9 18 25 27 | 27.0
Long Blades    | 9 18 25 27 | 27.0
Maces & Flails | 8 17 23 27 | 27.0
Polearms       | 8 17 23 27 | 27.0
Staves         | 7 27 | 27.0
Ranged Weapons | 7 27 | 27.0
Shields        | 8 27 | 27.0
Evocations     | 8 27 | 27.0

Action                     |  1- 3 |  4- 6 |  7- 9 | 10-12 | 13-15 | 16-18 | 19-21 | 22-24 | 25-27 || total
---------------------------+-------+-------+-------+-------+-------+-------+-------+-------+-------++-------
  Melee: Executioner's axe |     1 |       |       |       |     3 |     3 |     6 |    12 |    16 ||    41
   Cast: Dragon Form       |       |       |       |       |       |       |       |     1 |       ||     1
         Summon Hydra      |       |       |       |       |       |       |       |     1 |       ||     1
         Shatter           |       |       |       |       |       |       |       |       |     1 ||     1
Ability: End Transformatio |       |       |       |       |       |       |       |     1 |       ||     1
  Dodge: Dodged            |     1 |       |       |       |       |       |     1 |     3 |     4 ||     9
